 Dungeon Crawl Stone Soup version 0.29-a0-266-gf56f883ddd (webtiles) character file.

Game seed: 7853794133483372517

87 enile the Cleaver (level 4, -2/38 HPs)
             Began as a Gnoll Wanderer on Mar 6, 2022.
             Was a Follower of Wu Jian.
             Slain by a wyvern (5 damage)
             ... on level 3 of the Dungeon.
             The game lasted 00:03:26 (1926 turns).

enile the Cleaver (Gnoll Wanderer)                  Turns: 1926, Time: 00:03:26

Health: -2/38      AC:  3    Str: 14    XL:     4   Next: 51%
Magic:  5/5        EV: 12    Int:  8    God:    Wu Jian [*.....]
Gold:   120        SH:  0    Dex: 14    Spells: 5/5 levels left

rFire   . . .      SeeInvis .   a - +4 hand axe
rCold   . . .      Faith    .   (no shield)
rNeg    . . .      Spirit   .   d - +0 leather armour
rPois   .          Reflect  .   (no helmet)
rElec   .          Harm     .   (no cloak)
rCorr   .          Rampage  .   (no gloves)
Will    .....                   (no boots)
Stlth   ++........              (no amulet)
HPRegen 0.12/turn               (no ring)
MPRegen 0.09/turn               (no ring)

@: hasted, very quick
A: fangs 1, strong nose, distributed training
a: Renounce Religion


You were on level 3 of the Dungeon.
You worshipped Wu Jian.
Wu Jian was aware of your devotion.
You visited 1 branch of the dungeon, and saw 4 of its levels.

You collected 120 gold pieces.

Inventory:

Hand Weapons
 a - a +4 hand axe (weapon)
 b - a +0 short sword
 e - a +2 dagger of holy wrath
 g - a +0 longbow
Armour
 d - a +0 leather armour (worn)
Wands
 f - a wand of iceblast (8)
 o - a wand of polymorph (2)
Scrolls
 c - 2 scrolls of fog
 i - a scroll of immolation
Potions
 h - 2 potions of brilliance {unknown}
 l - a potion of heal wounds {unknown}
 m - a potion of flight {unknown}
 n - a potion of might {unknown}


   Skills:
 + Level 4.6 Fighting
 + Level 2.7 Short Blades
 + Level 1.1 Long Blades
 + Level 8.5 Axes
 + Level 1.1 Maces & Flails
 + Level 1.1 Polearms
 + Level 1.1 Staves
 + Level 1.1 Slings
 + Level 1.1 Bows
 + Level 1.1 Crossbows
 + Level 1.1 Throwing
 + Level 1.1 Armour
 + Level 2.7 Dodging
 + Level 2.5 Stealth
 + Level 1.1 Shields
 + Level 1.1 Unarmed Combat
 + Level 1.1 Spellcasting
 + Level 0.9 Conjurations
 + Level 0.9 Hexes
 + Level 0.9 Summonings
 + Level 0.9 Necromancy
 + Level 0.9 Translocations
 + Level 0.9 Transmutations
 + Level 0.9 Fire Magic
 + Level 0.9 Ice Magic
 + Level 0.9 Air Magic
 + Level 0.9 Earth Magic
 + Level 0.9 Poison Magic
 + Level 1.2 Invocations
 + Level 2.7 Evocations


You had 5 spell levels left.
You didn't know any spells.
Your spell library was empty.

Dungeon Overview and Level Annotations

Branches:
Dungeon (4/15)
 Temple: D:4-7

Altars:
Wu Jian

Annotations:
D:3 Jessica


Innate Abilities, Weirdness & Mutations

You have very sharp teeth.
Your uncanny sense of smell can sniff out nearby items.
Your experience applies equally to all skills.


Message History

You see here a +0 dagger.
A kobold comes into view. It is wielding a +0 dagger.
The kobold shouts!
Jessica gestures at you while chanting. Pain shoots through your body!
You spin and attack the kobold.
You barely miss the kobold. The kobold hits you with a +0 dagger.
You spin and attack the kobold.
You hit the kobold.
You kill the kobold!
The Council accepts your kill.
A bat comes into view.
Jessica mumbles some strange words.
Jessica blinks!
Okay, then.
Aiming: Polymorph
Press: ? - help, Shift-Dir - straight line, f - Jessica
Aim: Jessica, wielding a +0 club and wearing a +0 robe (will become a jackal, a dart slug, or a hobgoblin, chance to affect: 64%) Jessica struggles to resist.
Jessica points at you and mumbles some strange words.
Pain shoots through your body!
Aiming: Polymorph
Press: ? - help, Shift-Dir - straight line, f/p - Jessica
Aim: Jessica, wielding a +0 club and wearing a +0 robe (will become a jackal, a dart slug, or a hobgoblin, chance to affect: 64%) Jessica struggles to resist.
Jessica mumbles some strange words.
Jessica seems to speed up.
Aiming: Polymorph
Press: ? - help, Shift-Dir - straight line, f/p - Jessica
Aim: Jessica, wielding a +0 club and wearing a +0 robe (fast, will become a jackal, a dart slug, or a hobgoblin, chance to affect: 64%)
The bat evaporates and reforms as a wyvern!
Jessica mumbles some strange words.
Jessica blinks!
The wyvern bites you.
Okay, then.
Unknown command.
Unknown command.
It was a potion of haste.
You feel yourself speed up. Jessica hits you with a +0 club.
The wyvern bites you!
* * * LOW HITPOINT WARNING * * *
Jessica misses you. The wyvern bites you.
You die...

≈≈≈≈##.. #
...≈≈.## .#
..≈≈..##.#
.........
≈≈...#.# §...#.#
≈ ≈ #l#.#.# .#
≈≈≈≈##@#...##.#
........@...##.#
##.####..)..##.#
.........##.#
####.....##.#
#......#'##
#.........#
####......#
#......#


You could see a wyvern and Jessica (fast).

Vanquished Creatures
  An iguana (D:4)
  A gnoll (D:1)
  2 dart slugs
  4 ball pythons
  3 endoplasms
  7 giant cockroaches
  6 goblins
  3 hobgoblins (D:1)
  7 kobolds
  2 bats
  3 frilled lizards
  6 rats
45 creatures vanquished.

Notes
Turn   | Place    | Note
-------+----------+-------------------------------------------
     0 | D:1      | enile the Gnoll Wanderer began the quest for the Orb.
     0 | D:1      | enile set off with the following items: a +3 hand axe, a +0
                  | short sword, a scroll of fog, a +0 leather armour
     0 | D:1      | Reached XP level 1. HP: 20/20 MP: 1/1
    32 | D:1      | Reached XP level 2. HP: 16/26 MP: 2/2
   716 | D:1      | Reached XP level 3. HP: 26/31 MP: 3/3
  1003 | D:1      | Found a faded altar of an unknown god.
  1030 | D:1      | Prayed at the altar of an unknown god.
  1030 | D:1      | Became a worshipper of the Wu Jian Council
  1030 | D:1      | Reached * piety under Wu Jian
  1039 | D:1      | Reached skill level 1 in Invocations
  1246 | D:2      | Reached skill level 1 in Long Blades
  1246 | D:2      | Reached skill level 1 in Maces & Flails
  1246 | D:2      | Reached skill level 1 in Polearms
  1246 | D:2      | Reached skill level 1 in Staves
  1246 | D:2      | Reached skill level 1 in Slings
  1246 | D:2      | Reached skill level 1 in Bows
  1246 | D:2      | Reached skill level 1 in Crossbows
  1246 | D:2      | Reached skill level 1 in Throwing
  1246 | D:2      | Reached skill level 1 in Armour
  1246 | D:2      | Reached skill level 1 in Shields
  1246 | D:2      | Reached skill level 1 in Unarmed Combat
  1246 | D:2      | Reached skill level 1 in Spellcasting
  1482 | D:2      | Reached XP level 4. HP: 38/38 MP: 5/5
  1499 | D:2      | You fall into a shaft and drop 2 floors!
  1576 | D:3      | Noticed Ijyb
  1794 | D:3      | Noticed Ijyb
  1794 | D:3      | Ijyb changed into Ijyb the rat
  1796 | D:3      | Killed Ijyb the rat
  1881 | D:3      | Noticed Jessica
  1925 | D:3      | Noticed a wyvern
  1925 | D:3      | a bat changed into a wyvern
  1926 | D:3      | Slain by a wyvern

Illustrated notes

Levels and vault maps discovered:
D:1:      dpeg_arrival_stonehenge_8_columns, layout_basic,
          shapermc_ecumenical_altar_starsandcircs
D:2:      layout_basic
D:3:      layout_basic, serial_shops, nicolae_shop_stone,
          cheibrodos_sewer_entry_sluice, minmay_fractal_squares_gapless_5,
          uniq_jessica, uniq_ijyb
D:4:      layout_basic, gammafunk_ghost_icy

Skill      XL: |  1  2  3 |
---------------+----------+-----
Invocations    | 1 |  1.2
Long Blades    | 1 |  1.1
Maces & Flails | 1 |  1.1
Polearms       | 1 |  1.1
Staves         | 1 |  1.1
Slings         | 1 |  1.1
Bows           | 1 |  1.1
Crossbows      | 1 |  1.1
Throwing       | 1 |  1.1
Armour         | 1 |  1.1
Shields        | 1 |  1.1
Unarmed Combat | 1 |  1.1
Spellcasting   | 1 |  1.1
Fighting       | |  4.6
Short Blades   | |  2.7
Axes           | |  8.5
Dodging        | |  2.7
Stealth        | |  2.5
Conjurations   | |  0.9
Hexes          | |  0.9
Summonings     | |  0.9
Necromancy     | |  0.9
Translocations | |  0.9
Transmutations | |  0.9
Fire Magic     | |  0.9
Ice Magic      | |  0.9
Air Magic      | |  0.9
Earth Magic    | |  0.9
Poison Magic   | |  0.9
Evocations     | |  2.7

Action                   |  1- 3 |  4- 6 || total
-------------------------+-------+-------++-------
Melee: Hand axe          |    58 |    19 ||    77
       Bite              |     6 |       ||     6
       Punch             |     2 |       ||     2
 Fire: Longbow           |    22 |       ||    22
Invok: Lunge             |     5 |     2 ||     7
       Whirlwind         |       |     2 ||     2
Evoke: Wand              |       |     5 ||     5
  Use: Scroll            |     1 |     4 ||     5
       Potion            |       |     1 ||     1
 Stab: Sleeping          |     3 |     1 ||     4
Armor: Leather armour    |     6 |     3 ||     9
Dodge: Dodged            |    29 |     9 ||    38

Table legend: (Time is in decaauts)
 A = Elapsed time spent in this place.
 B = Non-inter-level travel time spent in this place.
 C = Inter-level travel time spent in this place.
 D = Time resting spent in this place.
 E = Time spent auto-exploring this place.
 F = Levels seen in this place.
 G = Mean time per level.
                   A        B        C        D        E       F      G
               +--------+--------+--------+--------+--------+-----+--------+
         Total |   1934 |   1920 |     14 |    198 |   1347 |   4 |  483.5 |
       Dungeon |   1934 |   1920 |     14 |    198 |   1347 |   4 |  483.5 |
               +--------+--------+--------+--------+--------+-----+--------+

Top non-repeatable levels by time:
     D:1: 1118 daAuts
     D:2: 390 daAuts
     D:4: 278 daAuts
     D:3: 146 daAuts
